 Dungeon Crawl Stone Soup version 0.28-a0-1233-g92def6ad0a (webtiles) character file.

Game seed: 13154159541405327507

549 Grim the Shooter (level 7, 0/56 HPs)
             Began as a Minotaur Hunter on Dec 23, 2021.
             Slain by a scorpion (7 damage)
             ... in an ossuary.
             The game lasted 00:05:27 (3293 turns).

Grim the Shooter (Minotaur Hunter)                  Turns: 3293, Time: 00:05:28

Health: 0/56       AC:  7    Str: 17    XL:     7   Next: 7%
Magic:  6/6        EV: 10    Int:  8    God:
Gold:   55         SH:  0    Dex: 12    Spells: 6/6 levels left

rFire   . . .      SeeInvis .   b - +0 morningstar
rCold   . . .      Faith    .   (no shield)
rNeg    . . .      Spirit   .   q - +0 scale mail
rPois   .          Reflect  .   (helmet restricted)
rElec   .          Harm     .   g - +0 cloak
rCorr   .          Rampage  .   (no gloves)
Will    .....                   (no boots)
Stlth   ..........              (no amulet)
HPRegen 0.18/turn               (no ring)
MPRegen 0.10/turn               (no ring)

@: lethally poisoned (0 -> -15)
A: horns 2, retaliatory headbutt
a: no special abilities


You were in an ossuary.
You visited 1 branch of the dungeon, and saw 4 of its levels.
You also visited: Ossuary.

You collected 55 gold pieces.

Inventory:

Hand Weapons
 a - a +1 shortbow
 b - a +0 morningstar (weapon)
 i - a +0 short sword
 p - a +0 mace
Missiles
 d - 26 arrows
Armour
 c - a +0 leather armour
 g - a +0 cloak (worn)
 q - a +0 scale mail (worn)
Jewellery
 m - a ring of protection from cold
 n - a ring of protection from cold
 r - a +6 ring of strength
 w - an amulet of guardian spirit
Wands
 s - a wand of iceblast (9)
Scrolls
 e - 2 scrolls of immolation {unknown}
 k - a scroll of amnesia {unknown}
 l - 2 scrolls of identify {unknown}
 o - a scroll of enchant armour {unknown}
 t - a scroll of torment {unknown}
 u - a scroll of holy word {unknown}
 v - 3 scrolls of teleportation {unknown}
Potions
 f - 2 potions of resistance {unknown}
 h - 2 potions of might {unknown}
 j - a potion of lignification {unknown}


   Skills:
 - Level 2.4 Fighting
 + Level 5.9 Maces & Flails
 + Level 7.5 Bows
 - Level 2.1 Dodging
 - Level 0.7 Stealth


You had 6 spell levels left.
You didn't know any spells.
Your spell library contained the following spells:

 Spells                   Type           Power      Damage    Failure   Level
 Conjure Flame            Conj/Fire      0%         6-21      99%         3
 Ignite Poison            Fire/Tmut/Pois 0%         N/A       99%         3
 Sticky Flame             Conj/Fire      0%         2d3       100%        4


Dungeon Overview and Level Annotations

Branches:
Dungeon (4/15)            Ossuary (1/1)
 Temple: D:4-7

Altars:


Innate Abilities, Weirdness & Mutations

You have a pair of horns on your head.
You reflexively headbutt those who attack you in melee.


Message History

The scorpion closely misses you. x3
You hit the scorpion but do no damage. Your headbutt misses the scorpion.
The scorpion is almost dead.
You feel very sick. The scorpion completely misses you.
The scorpion barely misses you. You furiously retaliate!
You headbutt the scorpion. The scorpion stings you.
You are more poisoned.
The scorpion poisons you! The scorpion stings you.
* * * LOW HITPOINT WARNING * * *
You sock the scorpion!
You kill the scorpion!
You feel very sick. The scorpion stings you.
* * * LOW HITPOINT WARNING * * *
You have reached level 7!
You barely miss the scorpion.
The scorpion is moderately wounded.
You feel very sick.
The scorpion stings you but does no damage.
You hit the scorpion. Your headbutt misses the scorpion.
The scorpion is moderately wounded.
You feel very sick. The scorpion misses you. You furiously retaliate!
You headbutt the scorpion. The scorpion barely misses you.
You closely miss the scorpion.
You headbutt the scorpion, but do no damage.
The scorpion is severely wounded.
You feel very sick. The scorpion stings you.
* * * LOW HITPOINT WARNING * * *
You are lethally poisoned!
The scorpion poisons you!
You closely miss the scorpion.
The scorpion is severely wounded.
* * * LOW HITPOINT WARNING * * *
You feel very sick. The scorpion stings you.
* * * LOW HITPOINT WARNING * * *
The scorpion stings you!
You die...

#.....8.....#
#...........#
#...........#
###8.....8###
#...........#
#...........#
#.....8.....#
#.....#.....#
#.@...#.....#
##s#######'########
ZM.#!!M#...#...#..
#...'..?#...'...8..
#...#!..#...#......
##############8...8
#...#...#...#......
#.∩.'...8...#...8..
#...#.......#...#..


You could see a mummy, a scorpion and a scorpion zombie.

Vanquished Creatures
  4 scorpions (Ossuary)
  A centaur zombie (Ossuary)
  An orc priest (D:3)
  4 scorpion zombies (Ossuary)
  Ijyb (D:3)
  An orc wizard (D:3)
  3 adders
  A worm (D:2)
  3 dart slugs (D:2)
  3 orcs (D:3)
  An endoplasm (D:1)
  A giant cockroach (D:1)
  2 gnoll zombies (Ossuary)
  8 hobgoblins
  5 quokkas
  5 ball pythons
  6 bats
  7 frilled lizards
  2 goblins
  6 kobolds
  A kobold zombie (Ossuary)
  An orc zombie (Ossuary)
  10 rats
77 creatures vanquished.

Vanquished Creatures (others)
  A plant (D:1)
1 creature vanquished.

Grand Total: 78 creatures vanquished

Notes
Turn   | Place    | Note
-------+----------+-------------------------------------------
     0 | D:1      | Grim the Minotaur Hunter began the quest for the Orb.
     0 | D:1      | Reached XP level 1. HP: 18/18 MP: 0/0
   191 | D:1      | Reached XP level 2. HP: 20/25 MP: 1/1
   392 | D:1      | Reached skill level 5 in Bows
   584 | D:1      | Reached skill level 1 in Maces & Flails
   811 | D:2      | Reached XP level 3. HP: 30/30 MP: 2/2
   832 | D:2      | Found a faded altar of an unknown god.
  1863 | D:3      | Reached XP level 4. HP: 37/37 MP: 3/3
  1883 | D:3      | Reached skill level 6 in Bows
  2073 | D:3      | Reached XP level 5. HP: 42/42 MP: 4/4
  2080 | D:3      | Noticed Ijyb
  2097 | D:3      | Killed Ijyb
  2673 | D:4      | Found a sand-covered staircase.
  2678 | Ossuary  | Entered an ossuary
  2955 | Ossuary  | Reached XP level 6. HP: 43/50 MP: 5/5
  3016 | Ossuary  | Reached skill level 5 in Maces & Flails
  3130 | Ossuary  | Reached skill level 7 in Bows
  3290 | Ossuary  | Reached XP level 7. HP: 25/56 MP: 6/6
  3293 | Ossuary  | Slain by a scorpion

Illustrated notes

Levels and vault maps discovered:
D:1:      lemuel_arrival_muddy, layout_rooms, minmay_pentomino_v4
D:2:      wad_pebble_path, layout_basic, ebering_ecumenical_altar_mist,
          serial_forest, infiniplex_forest_lined_corner,
          infiniplex_forest_straight_5, infiniplex_forest_clump_tiny,
          infiniplex_forest_clump_tiny, infiniplex_forest_lined_room_3,
          infiniplex_forest_lined_3_way, infiniplex_forest_clump_tiny
D:3:      layout_loops_ring, uniq_ijyb
D:4:      layout_gridville, enter_ossuary_2, ebering_dispersal_statue_hall,
          hangedman_glass_garden
Ossuary:  ossuary_minmay_scorpions

Skill      XL: |  1  2  3  4  5  6 |
---------------+-------------------+-----
Bows           | 5 6 7 |  7.5
Maces & Flails | 1 2 3 4 5 |  5.9
Fighting       | |  2.4
Dodging        | |  2.1
Stealth        | |  0.7

Action                   |  1- 3 |  4- 6 |  7- 9 || total
-------------------------+-------+-------+-------++-------
Melee: Mace              |    33 |    10 |       ||    43
       Headbutt          |     1 |    19 |     1 ||    21
       Morningstar       |       |    63 |     4 ||    67
 Fire: Shortbow          |    92 |    42 |       ||   134
Armor: Leather armour    |    12 |     5 |       ||    17
       Scale mail        |       |    22 |     1 ||    23
Dodge: Dodged            |    28 |    49 |     2 ||    79

Table legend: (Time is in decaauts)
 A = Elapsed time spent in this place.
 B = Non-inter-level travel time spent in this place.
 C = Inter-level travel time spent in this place.
 D = Time resting spent in this place.
 E = Time spent auto-exploring this place.
 F = Levels seen in this place.
 G = Mean time per level.
                   A        B        C        D        E       F      G
               +--------+--------+--------+--------+--------+-----+--------+
         Total |   3303 |   3213 |     90 |    566 |   2047 |   5 |  660.6 |
       Dungeon |   2683 |   2593 |     90 |    195 |   1910 |   4 |  670.8 |
       Ossuary |    619 |    619 |      0 |    371 |    137 |   1 |  619.0 |
               +--------+--------+--------+--------+--------+-----+--------+

Top non-repeatable levels by time:
     D:2: 1023 daAuts
     D:3: 869 daAuts
     D:1: 764 daAuts
 Ossuary: 619 daAuts
     D:4: 26 daAuts
